 Dungeon Crawl Stone Soup version 0.28.0-53-g5a82cb258f (webtiles) character file.

Game seed: 11546884457208851268

23587 DemonSlayer the Thaumaturge (level 12, -7/78 HPs)
             Began as a Demonspawn Fire Elementalist on Aug 5, 2022.
             Was the Champion of Cheibriados.
             Mangled by a nine-headed hydra (11 damage)
             ... on level 2 of the Lair of Beasts.
             The game lasted 00:54:57 (20360 turns).

DemonSlayer the Thaumaturge (DsFE)                 Turns: 20360, Time: 00:54:57

Health: -7/78      AC: 13    Str: 23      XL:     12   Next: 73%
Magic:  11/28      EV: 17    Int: 37      God:    Cheibriados [******]
Gold:   840        SH:  0    Dex: 38 (39) Spells: 5/36 levels left

rFire   . . .      SeeInvis .   O - +2 war axe of the Baking Philosopher {elec, *Rage rN++}
rCold   . . .      Faith    .   p - orb {*Rage}
rNeg    + + .      Spirit   .   P - +0 troll leather armour
rPois   .          Reflect  .   l - +0 helmet
rElec   .          Harm     .   i - +0 cloak
rCorr   .          Rampage  .   c - +0 pair of gloves
Will    .....      Rage     40% F - +1 pair of boots
Stlth   ++++++....              I - amulet of magic regeneration
HPRegen 1.03/turn               r - +6 ring of dexterity
MPRegen 0.61/turn               B - +4 ring of protection

@: mighty, on berserk cooldown, slowed, very slow
A: thin skeletal structure 2, ignite blood 1, spiny 1, weakness stinger 2,
sturdy frame 1
a: Renounce Religion, Bend Time, Temporal Distortion, Slouch, Step From Time


You were on level 2 of the Lair of Beasts.
You worshipped Cheibriados.
Cheibriados was exalted by your worship.
You visited 3 branches of the dungeon, and saw 17 of its levels.

You collected 1059 gold pieces.
You spent 219 gold pieces at shops.

Inventory:

Hand Weapons
 G - a +7 long sword of freezing
 O - the +2 war axe of the Baking Philosopher (weapon) {elec, *Rage rN++}
   (You found it on level 10 of the Dungeon)

   It occasionally discharges a powerful burst of electricity upon striking a
   foe.
   rN:        It greatly protects you from negative energy.
   *Rage:     It berserks you when you make melee attacks (+20% chance).
Missiles
 g - 9 javelins
 A - 6 boomerangs
Armour
 c - a +0 pair of gloves (worn)
 i - a +0 cloak (worn)
 l - a +0 helmet (worn)
 n - +0 acid dragon scales
 p - an orb of wrath (worn)
 F - a +1 pair of boots (worn)
 P - a +0 troll leather armour (worn)
Jewellery
 r - a +6 ring of dexterity (left hand)
 B - a +4 ring of protection (right hand)
 I - an amulet of magic regeneration (around neck)
Wands
 h - a wand of flame (8)
 j - a wand of charming (7)
 x - a wand of iceblast (11)
 C - a wand of paralysis (10)
Scrolls
 b - 3 scrolls of teleportation
 f - 2 scrolls of vulnerability
 m - a scroll of fear
 E - a scroll of torment
 N - 2 scrolls of immolation
Potions
 d - a potion of might
 e - 2 potions of flight
 k - 2 potions of brilliance
 q - a potion of lignification
 t - 5 potions of attraction
 v - 2 potions of resistance
 w - 3 potions of curing
Miscellaneous
 s - a phantom mirror


   Skills:
 + Level 2.1 Fighting
 + Level 1.6 Long Blades
 + Level 1.5(2.4) Axes
 + Level 2.9(3.1) Maces & Flails
 + Level 2.5 Throwing
 + Level 2.8 Armour
 + Level 4.3 Dodging
 + Level 4.9 Stealth
 + Level 12.6 Spellcasting
 + Level 7.4 Conjurations
 + Level 1.3 Transmutations
 + Level 9.3 Fire Magic
 + Level 1.3 Ice Magic
 + Level 2.4 Air Magic
 + Level 4.2 Earth Magic
 + Level 2.9 Poison Magic
 + Level 2.0 Evocations


You had 5 spell levels left.
You knew the following spells:

 Your Spells              Type           Power      Damage    Failure   Level
a - Foxfire               Conj/Fire      100%       2x1d9     1%          1
b - Scorch                Fire           100%       2d10      1%          2
c - Conjure Flame         Conj/Fire      71%        6-21      1%          3
d - Flame Wave            Conj/Fire      71%        2d13      1%          4
e - Freezing Cloud        Conj/Ice/Air   25%        6-21      10%         5
f - Ignite Poison         Fire/Tmut/Pois 54%        N/A       1%          3
g - Mephitic Cloud        Conj/Pois/Air  53%        N/A       1%          3
h - Stone Arrow           Conj/Erth      100%       3d13      1%          3
i - Teleport Other        Tloc           23%        N/A       4%          3
j - Animate Armour        Summ/Erth      76%        N/A       7%          4

Your spell library contained the following spells:

 Spells                   Type           Power      Damage    Failure   Level
 Magic Dart               Conj           100%       1d8       1%          1
 Inner Flame              Hex/Fire       55%        N/A       1%          3
 Call Imp                 Summ           23%        N/A       2%          2
 Gell's Gravitas          Tloc           23%        N/A       4%          3
 Lesser Beckoning         Tloc           23%        N/A       4%          3
 Lehudib's Crystal Spear  Conj/Erth      30%        10d8      100%        8


Dungeon Overview and Level Annotations

Branches:
Dungeon (14/15)            Temple (1/1) D:4            Lair (2/6) D:11
    Orc (0/2) D:12         Vaults (0/5) D:14
  Swamp: Lair:2-4    Shoals: Lair:2-4     Snake: Lair:2-4    Spider: Lair:2-4

Altars:
Ashenzari
Cheibriados
Dithmenos
Elyvilon
Fedhas
Gozag
Hepliaklqana
Kikubaaqudgha
Makhleb
Nemelex Xobeh
Okawaru
Qazlal
Ru
Sif Muna
Trog
Uskayaw
Vehumet
Wu Jian
Xom
Yredelemnul
Zin
The Shining One

Shops:
D:4 *   D:9 (

Annotations:
D:6 3 runed translucent doors, turdburglar's ghost, novice DsBr
D:12 1 runed translucent door, cbfl8's ghost, journeyman MiFi


Innate Abilities, Weirdness & Mutations

You have a moderately thin skeletal structure. (Dex +4, Stealth++)
Your demonic aura sometimes causes spilled blood to erupt in flames.
You are partially covered in sharp spines.
You have a tail ending in a sharp stinger.
Your movements are slightly less encumbered by armour. (ER -2)


Message History

The eight-headed hydra bites you. x2
The eight-headed hydra barely misses you.
The eight-headed hydra misses you. The eight-headed hydra bites you.
* * * LOW HITPOINT WARNING * * *
You feel very mighty all of a sudden.
The eight-headed hydra bites you but does no damage.
The eight-headed hydra bites you.
* * * LOW HITPOINT WARNING * * *
The eight-headed hydra closely misses you.
The eight-headed hydra barely misses you.
The eight-headed hydra bites you but does no damage.
The eight-headed hydra barely misses you.
The eight-headed hydra bites you but does no damage.
The eight-headed hydra bites you.
* * * LOW HITPOINT WARNING * * *
Unknown command.
You lop one of the eight-headed hydra's heads off!
The seven-headed hydra grows two more!
You hit the nine-headed hydra.
Lightning courses through the nine-headed hydra!
You tail-slap the nine-headed hydra!
The nine-headed hydra is almost dead.
The nine-headed hydra closely misses you.
The nine-headed hydra barely misses you.
The nine-headed hydra bites you.
* * * LOW HITPOINT WARNING * * *
The nine-headed hydra bites you but does no damage.
The nine-headed hydra completely misses you. x2
The nine-headed hydra bites you but does no damage.
The nine-headed hydra misses you.
The nine-headed hydra barely misses you.
The nine-headed hydra bites you.
* * * LOW HITPOINT WARNING * * *
The nine-headed hydra bites you but does no damage.
The nine-headed hydra bites you.
* * * LOW HITPOINT WARNING * * *
The nine-headed hydra bites you.
* * * LOW HITPOINT WARNING * * *
The nine-headed hydra closely misses you.
The nine-headed hydra bites you!
You die...

............ ....#..+###.
.<.......... ...........
.†.......... ...........
.........# .....☼....
.........# #.........
..#..##..###### ......#
....#b#....##.#####††...#
.....#...P##...##D..†..##
....b......##..'@.......#
.....##.....'..####........
.....#.....###.# #....P#..
...####..##.#### .....## .
... #..#### #.....# ...
..... #....... . .......
........ ......... .......
..........


You could see a nine-headed hydra.

Vanquished Creatures
  Rupert (D:12)
  A hydra (D:11)
  3 two-headed ogres (D:12)
  A centaur warrior (D:12)
  Pikel (D:4)
  A deep elf pyromancer (D:12)
  A cyclops (D:12)
  2 cane toads (Lair:1)
  A black mamba (Lair:1)
  A gargoyle (D:12)
  Maggie (D:8)
  4 komodo dragons
  2 trolls
  3 hornets
  A slime creature (D:12)
  Grinder (D:4)
  A shadow (D:11)
  A wraith (D:9)
  2 wyverns
  29 yaks
  A basilisk (Lair:1)
  A human (shapeshifter) (D:9)
  2 steam dragons
  11 vampire mosquitoes
  Menkaure (D:6)
  2 acid dragons
  6 water moccasins
  10 orc warriors
  3 ice beasts
  A hornet zombie (D:8)
  2 ogres (D:6)
  7 centaurs
  A phantom (D:4)
  5 kobold brigands
  9 bullfrogs
  A gnoll sergeant (D:10)
  A scorpion (D:6)
  A water moccasin zombie (D:5)
  8 killer bees
  19 wights
  3 electric eels
  7 howler monkeys
  5 centaur zombies
  2 hounds
  3 jellies
  14 orc priests
  2 centaur skeletons
  Crazy Yiuf (D:2)
  2 bullfrog skeletons
  3 iguanas
  13 orc wizards
  4 hell rats (Lair:1)
  2 hound skeletons (D:5)
  A howler monkey zombie (D:8)
  8 gnolls
  3 adders
  A shadow imp (D:7)
  2 white imps
  An ufetubus (D:7)
  4 worms
  2 adder skeletons
  2 dart slugs (D:5)
  46 orcs
  5 endoplasms
  A giant cockroach (D:4)
  4 goblins
  4 hobgoblins
  19 kobolds
  A quokka (D:3)
  2 ball pythons
  4 bats
  5 frilled lizards
  7 rats
  A bush (Lair:1)
334 creatures vanquished.

Vanquished Creatures (collateral kills)
  4 foxfires
4 creatures vanquished.

Vanquished Creatures (others)
  359 foxfires
  5 fungi (Lair:1)
  53 plants
417 creatures vanquished.

Grand Total: 755 creatures vanquished

Notes
Turn   | Place    | Note
-------+----------+-------------------------------------------
     0 | D:1      | DemonSlayer the Demonspawn Fire Elementalist began the
                  | quest for the Orb.
     0 | D:1      | Reached XP level 1. HP: 13/13 MP: 3/3
   748 | D:2      | Gained mutation: You have a somewhat thin skeletal
                  | structure. (Dex +2, Stealth+) [demonic ancestry]
   748 | D:2      | Reached XP level 2. HP: 19/19 MP: 0/5
   751 | D:2      | Learned a level 2 spell: Scorch
   830 | D:2      | Reached XP level 3. HP: 24/24 MP: 0/6
  1456 | D:2      | Found a runed translucent door.
  1457 | D:2      | Noticed Crazy Yiuf
  1464 | D:2      | Killed Crazy Yiuf
  1465 | D:2      | Reached skill level 3 in Spellcasting
  1465 | D:2      | Gained mutation: Your demonic aura sometimes causes spilled
                  | blood to erupt in flames. [demonic ancestry]
  1465 | D:2      | Reached XP level 4. HP: 30/30 MP: 0/8
  1540 | D:2      | Learned a level 3 spell: Conjure Flame
  1957 | D:3      | Found a faded altar of an unknown god.
  2922 | D:3      | Reached XP level 5. HP: 26/35 MP: 0/9
  3203 | D:3      | Learned a level 4 spell: Flame Wave
  3403 | D:4      | Found Mayboff's Assorted Antiques.
  3411 | D:4      | Bought a green potion for 30 gold pieces
  3411 | D:4      | Bought a sedimented white potion for 30 gold pieces
  3411 | D:4      | Bought an embroidered robe for 125 gold pieces
  3411 | D:4      | Bought a scroll labelled SIES IMUDOMURGH for 34 gold pieces
  3608 | D:4      | Noticed Pikel
  3608 | D:4      | Noticed a lemure
  3609 | D:4      | Noticed a lemure
  3632 | D:4      | Killed Pikel
  3633 | D:4      | Reached skill level 1 in Throwing
  3633 | D:4      | Reached skill level 4 in Spellcasting
  3633 | D:4      | Reached skill level 5 in Fire Magic
  3633 | D:4      | Gained mutation: You have a moderately thin skeletal
                  | structure. (Dex +4, Stealth++) [demonic ancestry]
  3633 | D:4      | Reached XP level 6. HP: 20/41 MP: 2/12
  3633 | D:4      | Reached XP level 7. HP: 22/46 MP: 2/13
  4248 | D:4      | Found a staircase to the Ecumenical Temple.
  4261 | Temple   | Entered the Ecumenical Temple
  4343 | Temple   | Became a worshipper of Cheibriados the Contemplative
  4755 | D:4      | Reached skill level 5 in Spellcasting
  4986 | D:4      | Identified the +9 shortbow of Destiny {venom, Fragile Dex+6
                  | SInv}
  5003 | D:4      | Noticed Grinder
  5007 | D:4      | Paralysed by Grinder for 7 turns
  5020 | D:4      | Killed Grinder
  5021 | D:4      | Reached skill level 1 in Maces & Flails
  5021 | D:4      | Gained mutation: You have a small tail. [demonic ancestry]
  5021 | D:4      | Reached XP level 8. HP: 53/53 MP: 6/16
  5406 | D:5      | Entered Level 5 of the Dungeon
  5715 | D:5      | Reached * piety under Cheibriados
  6543 | D:5      | Learned a level 3 spell: Inner Flame
  6576 | D:6      | Reached skill level 6 in Spellcasting
  7116 | D:6      | Found a runed translucent gate.
  7116 | D:6      | Found a runed translucent gate.
  7117 | D:6      | Found a runed translucent gate.
  7117 | D:6      | Noticed turdburglar's ghost (novice DsBr)
  7317 | D:6      | Noticed Menkaure
  7325 | D:6      | Killed Menkaure
  7326 | D:6      | Reached XP level 9. HP: 58/58 MP: 7/19
  7700 | D:6      | Reached skill level 7 in Spellcasting
  8019 | D:6      | Learned a level 3 spell: Ignite Poison
  8037 | D:6      | Learned a level 3 spell: Mephitic Cloud
  8826 | D:7      | Reached ** piety under Cheibriados
  9843 | D:7      | Learned a level 3 spell: Stone Arrow
 10072 | D:8      | Noticed Maggie
 10078 | D:8      | Killed Maggie
 10079 | D:8      | Reached skill level 8 in Spellcasting
 10379 | D:8      | Reached skill level 1 in Fighting
 10515 | D:8      | Found a sparkling altar of Nemelex Xobeh.
 10516 | D:8      | Found an ancient bone altar of Kikubaaqudgha.
 10516 | D:8      | Found a bloodstained altar of Trog.
 10517 | D:8      | Found an iron altar of Okawaru.
 10518 | D:8      | Found a shimmering altar of Xom.
 10518 | D:8      | Found an opulent altar of Gozag.
 10519 | D:8      | Found a blossoming altar of Fedhas.
 10520 | D:8      | Found a stormy altar of Qazlal.
 10521 | D:8      | Found a sacrificial altar of Ru.
 10803 | D:8      | Reached *** piety under Cheibriados
 10813 | D:8      | Gained mutation: You are partially covered in sharp spines.
                  | [demonic ancestry]
 10813 | D:8      | Reached XP level 10. HP: 41/65 MP: 2/22
 11196 | D:8      | Reached skill level 1 in Evocations
 11210 | D:8      | Reached skill level 1 in Air Magic
 11245 | D:8      | Paralysed by a hornet for 3 turns
 11658 | D:8      | Reached skill level 9 in Spellcasting
 12662 | D:8      | Learned a level 5 spell: Freezing Cloud
 12725 | D:9      | Reached **** piety under Cheibriados
 13169 | D:9      | Reached skill level 1 in Poison Magic
 13170 | D:9      | Reached skill level 1 in Long Blades
 13647 | D:9      | Reached skill level 1 in Earth Magic
 13852 | D:9      | Found Ruoxaew's Antique Weapon Emporium.
 14443 | D:9      | Reached skill level 10 in Spellcasting
 14641 | D:9      | Gained mutation: You have a tail ending in a sharp stinger.
                  | [demonic ancestry]
 14641 | D:9      | Reached XP level 11. HP: 70/70 MP: 9/25
 14644 | D:9      | Reached skill level 5 in Conjurations
 14886 | D:10     | Entered Level 10 of the Dungeon
 14891 | D:10     | Reached ***** piety under Cheibriados
 15412 | D:10     | Identified the +2 war axe of the Baking Philosopher {elec,
                  | *Rage rN++}
 16255 | D:11     | Noticed a four-headed hydra
 16263 | D:11     | Killed a four-headed hydra
 16524 | D:11     | Found a staircase to the Lair.
 16634 | D:11     | Reached skill level 11 in Spellcasting
 17073 | D:11     | You fall into a shaft and drop 3 floors!
 17073 | D:14     | Noticed a two-headed ogre
 17073 | D:14     | Noticed a two-headed ogre
 17073 | D:14     | Noticed an ogre mage
 17073 | D:14     | Noticed a centaur warrior
 17073 | D:14     | Noticed a white ugly thing
 17073 | D:14     | Noticed a white ugly thing
 17073 | D:14     | Noticed a white ugly thing
 17073 | D:14     | Noticed a white ugly thing
 17073 | D:14     | Noticed a white ugly thing
 17073 | D:14     | Found a gate to the Vaults.
 17244 | D:14     | Noticed a boulder beetle
 17252 | D:12     | Noticed a two-headed ogre
 17267 | D:12     | Reached skill level 1 in Armour
 17419 | D:12     | Killed a two-headed ogre
 17420 | D:12     | Reached skill level 1 in Axes
 17515 | D:12     | Noticed a two-headed ogre
 17521 | D:12     | Killed a two-headed ogre
 17522 | D:12     | Reached skill level 1 in Transmutations
 17672 | D:12     | Noticed a deep elf pyromancer
 17675 | D:12     | Killed a deep elf pyromancer
 17781 | D:12     | Noticed a centaur warrior
 17786 | D:12     | Killed a centaur warrior
 17825 | D:12     | Reached ****** piety under Cheibriados
 17836 | D:12     | Reached XP level 12. HP: 77/77 MP: 18/27
 17839 | D:12     | Noticed a two-headed ogre
 17846 | D:12     | Killed a two-headed ogre
 17998 | D:12     | Found a staircase to the Orcish Mines.
 18207 | D:12     | Found a runed translucent door.
 18210 | D:12     | Found a shimmering altar of Xom.
 18210 | D:12     | Noticed cbfl8's ghost (journeyman MiFi)
 18228 | D:12     | Noticed Rupert
 18312 | D:12     | Paralysed by Rupert for 4 turns
 18320 | D:12     | Paralysed by Rupert for 4 turns
 18437 | D:12     | Paralysed by Rupert for 3 turns
 18445 | D:12     | Gained mutation: Your movements are slightly less
                  | encumbered by armour. (ER -2) [potion of mutation]
 18460 | D:12     | Killed Rupert
 19074 | D:12     | Learned a level 3 spell: Teleport Other
 19079 | D:12     | Learned a level 4 spell: Animate Armour
 19122 | Lair:1   | Entered Level 1 of the Lair of Beasts
 19129 | Lair:1   | Reached skill level 1 in Ice Magic
 19451 | Lair:1   | Reached skill level 12 in Spellcasting
 20352 | Lair:2   | Noticed a seven-headed hydra
 20360 | Lair:2   | Mangled by a nine-headed hydra

Illustrated notes

Levels and vault maps discovered:
D:1:      wander_arrival_chamber, layout_basic, hex_medium
D:2:      layout_rooms, st_stairs_4, uniq_crazy_yiuf_cottage
D:3:      layout_basic, basic_ecumenical_altar, st_stairs_9,
          minmay_joined_circles
D:4:      layout_basic, minmay_temple_entry_grid, serial_shops, shop_fountains,
          serial_bayou_ford_a, nicolae_zen_rock_garden, uniq_grinder, uniq_pikel
D:5:      layout_cave_pods, serial_park, serial_park_paths
          [serial_park_minivault_5x5_1], serial_park_square1
          [serial_park_minivault_5x5_2], serial_park_tiny_pond,
          serial_park_square2, serial_park_tiny_1
D:6:      layout_loops_cross, gammafunk_ghost_split, kennysheep_generic_room_6,
          uniq_menkaure
D:7:      layout_rooms, grunt_ministairs_12
D:8:      layout_loops_ring, nicolae_overflows_in_rows,
          mainiacjoe_overflow_24_doors, kennysheep_kite_vault, uniq_maggie
D:9:      layout_rooms, serial_shops, shop_fountains, lightli_fourway_metalbox
D:10:     layout_long_grid
D:11:     layout_layer_cave, dpeg_oklobed_lair
D:12:     layout_irregular_city, david_orc_4, ebering_ghost_xom, minivault_14,
          uniq_rupert
D:13:     kennysheep_kobold_grotto, layout_stronghold, enter_trove_0,
          serial_shops, shop, minmay_sticks_and_stones
D:14:     cheibrodos_histonic, layout_loops_ring, david_vaults_2,
          minmay_beelzebubs_servants
Temple:   jpeg_temple_clearing
Lair:1:   layout_hall_layers, serial_bayou_lagoon_a, beast_lair_carwin_2
Lair:2:   layout_regular_city, serial_bayou_shore_a, lemuel_fruit_fields,
          grunt_megastairs_2, infiniplex_staircase_pool

Skill      XL: |  1  2  3  4  5  6  7  8  9 10 11 12 |
---------------+-------------------------------------+-----
Fire Magic     | 3 5 6 7 8 9 |  9.3
Dodging        | 2 3 4 |  4.3
Stealth        | 2 3 4 |  4.9
Spellcasting   | 3 4 5 6 8 10 11 12 | 12.6
Conjurations   | 2 3 4 6 7 |  7.4
Throwing       | 1 2 |  2.5
Maces & Flails | 1 2 |  2.9
Fighting       | 1 2 |  2.1
Evocations     | 1 2 |  2.0
Air Magic      | 1 2 |  2.4
Poison Magic   | 2 |  2.9
Long Blades    | 1 |  1.6
Earth Magic    | 2 3 4 |  4.2
Armour         | 2 |  2.8
Axes           | 1 |  1.5
Transmutations | 1 |  1.3
Ice Magic      | 1 |  1.3

Action                   |  1- 3 |  4- 6 |  7- 9 | 10-12 || total
-------------------------+-------+-------+-------+-------++-------
Melee: Dagger            |     5 |    15 |       |       ||    20
       Mace              |       |     1 |    35 |       ||    36
       Long sword        |       |       |     4 |    28 ||    32
       Tailslap          |       |       |     3 |     8 ||    11
       War axe           |       |       |       |    16 ||    16
Throw: Javelin           |    17 |     7 |     7 |     4 ||    35
       Throwing net      |       |     3 |     2 |       ||     5
       Boomerang         |       |       |     4 |       ||     4
 Cast: Foxfire           |    36 |    49 |    67 |    55 ||   207
       Scorch            |     3 |    18 |   117 |    72 ||   210
       Conjure Flame     |       |       |     1 |       ||     1
       Mephitic Cloud    |       |       |     9 |    39 ||    48
       Stone Arrow       |       |       |     7 |   166 ||   173
       Ignite Poison     |       |       |     7 |    22 ||    29
       Flame Wave        |       |       |     1 |       ||     1
       Freezing Cloud    |       |       |       |    17 ||    17
Evoke: Wand              |       |       |     4 |     8 ||    12
  Use: Scroll            |       |       |    15 |    14 ||    29
       Potion            |       |       |       |    10 ||    10
 Stab: Sleeping          |       |     1 |     2 |       ||     3
       Confused          |       |       |     1 |       ||     1
Armor: Robe              |     1 |     7 |    45 |    15 ||    68
       Steam dragon scal |       |       |       |    12 ||    12
       Troll leather arm |       |       |       |    39 ||    39
Dodge: Dodged            |     3 |    19 |    92 |   131 ||   245
